 Dungeon Crawl Stone Soup version 0.20.1-1-g8b1a95d66d (webtiles) character file.

7938 resw the Protected (level 11, -3/85 HPs)
             Began as a Minotaur Berserker on Dec 29, 2017.
             Was a High Priest of Trog.
             Slain by an unseen horror (6 damage)
             ... on level 10 of the Dungeon.
             The game lasted 00:31:10 (8695 turns).

resw the Protected (Minotaur Berserker)             Turns: 8695, Time: 00:31:11

Health: -3/85      AC: 25    Str: 25      XL:     11   Next: 3%
Magic:  10/10      EV: 16    Int:  3 (4)  God:    Trog [*****.]
Gold:   526        SH:  0    Dex:  8 (10) Spells: 10/10 levels left

rFire    . . .     SeeInvis .   s - +2 mace (holy)
rCold    . . .     Gourm    .   (no shield)
rNeg     . . .     Faith    .   B - +10 plate armour {ponderous}
rPois    .         Spirit   .   (helmet restricted)
rElec    +         Reflect  .   (no cloak)
rCorr    .         Harm     .   (no gloves)
MR       .....                  (no boots)
Stlth    ..........             m - amulet of the Air {Inacc +Fly rElec EV+5 RMsl}
Regen    0.3/turn               E - ring of loudness (curse)
MPRegen  0.2/turn               (no ring)

@: repel missiles, slow
A: retaliatory headbutt, horns 2
a: Berserk, Trog's Hand, Brothers in Arms, Burn Spellbooks, Renounce Religion,
Evoke Flight


You were on level 10 of the Dungeon.
You worshipped Trog.
Trog was extremely pleased with you.
You were very hungry.

You visited 1 branch of the dungeon, and saw 10 of its levels.

You collected 552 gold pieces.
You spent 26 gold pieces at shops.

Inventory:

Hand Weapons
 s - a +2 mace of holy wrath (weapon)
Armour
 g - a +0 chain mail
 n - a +0 plate armour
 B - a +10 plate armour of ponderousness (worn)
Jewellery
 m - the amulet of the Air (around neck) {Inacc +Fly rElec EV+5 RMsl}
   (You found it on level 6 of the Dungeon)

   [amulet of inaccuracy]

   It reduces the accuracy of all your attacks.
   It affects your evasion (+5).
   It insulates you from electricity.
   It lets you fly.
   It protects you from missiles.
 E - a cursed ring of loudness (left hand)
Wands
 i - a wand of paralysis (8/24)
 C - a wand of confusion (24/48)
Scrolls
 a - a scroll of immolation
 c - a scroll of magic mapping
 d - a scroll of blinking
 e - 13 scrolls of identify
 j - 4 scrolls of remove curse
 k - 4 scrolls of enchant weapon
 l - 2 scrolls of teleportation
 w - a scroll of fog
 D - a scroll of enchant armour
Potions
 f - a potion of lignification
 p - 2 potions of haste
 r - 2 potions of mutation {unknown}
 t - a potion of resistance {unknown}
 u - 2 potions of curing {unknown}
 x - a potion of might {unknown}
 z - 3 potions of invisibility {unknown}
Books
 y - a book of Debilitation

   Spells                             Type                      Level
   a - Corona                         Hexes                        1
   b - Slow                           Hexes                        2
   c - Inner Flame                    Hexes/Fire                   3
   d - Portal Projectile              Hexes/Translocation          3
   e - Cause Fear                     Hexes                        4
   f - Leda's Liquefaction            Hexes/Earth                  4
   Trog disapproves of the use of such an item.
Comestibles
 b - 3 meat rations
 o - 4 bread rations
 v - 6 fruits
 A - 5 royal jellies


   Skills:
 - Level 4.4 Fighting
 + Level 12.2 Maces & Flails
 + Level 12.5 Armour
 * Level 9.6 Dodging


You had 10 spell levels left.
You didn't know any spells.

Dungeon Overview and Level Annotations

Branches:
Dungeon (10/15)            Temple (0/1) D:6            Lair (0/6) D:10
    Orc: D:9-12

Altars:
Cheibriados
Dithmenos
Elyvilon
Fedhas
Gozag
Hepliaklqana
Makhleb
Okawaru
Ru
Vehumet
Xom
Zin

Shops:
D:5 ?


Innate Abilities, Weirdness & Mutations

You reflexively headbutt those who attack you in melee.
You have a pair of horns on your head.


Message History

Something hits you but does no damage.
You barely miss something. Something hits you but does no damage.
Something barely misses you.
There is an open door, spattered with blood here.
Items here: ) ††† a club; an orc corpse; a warg corpse; a bullfrog corpse Something hits you!
* * * LOW HITPOINT WARNING * * *
You barely miss something. You headbutt something.
Something hits you but does no damage.
Something hits you but does no damage. x2
Something hits you but does no damage. Something hits you.
* * * LOW HITPOINT WARNING * * *
Something hits you but does no damage. Something barely misses you.
Something hits you.
* * * LOW HITPOINT WARNING * * *
Something hits you.
You die...

..#.................#....#.......
..#.................#....#.......
..#######'####....###............
#.......#...##'####))............
#.......#....#....).)...'....>...
#.......#....#....#.)...#...†....
#.......#....#....#.....#...†....
#.......##'########.....##....P..
#...............@........#.......
####'###<................##.....#
.#.....#.................###...##
.#.....#.........................
.#.....#.........................
.......#.........................
###########+######.....#+######
.# #.....# .# #.....#


There were no monsters in sight!

Vanquished Creatures
  Erolcha (D:9)
  Pikel (D:5)
  Grinder (D:6)
  A wyvern (D:10)
  A human (D:8)
  4 hogs (D:8)
  3 wargs (D:10)
  Duvessa (D:7)
  4 orc warriors
  2 sky beasts (D:9)
  A slave (D:5)
  4 ice beasts
  3 ogres
  4 phantoms
  A wolf (D:10)
  5 centaurs
  Blork the orc (D:4)
  4 bullfrogs
  4 scorpions
  Dowan (D:7)
  11 killer bees (D:9)
  An electric eel (D:10)
  13 wights
  A howler monkey (D:9)
  A bullfrog zombie (D:8)
  5 crimson imps
  5 hounds
  2 jellies
  A quasit (D:8)
  A centaur zombie (D:9)
  7 orc priests
  A bullfrog skeleton (D:6)
  3 centaur skeletons
  7 iguanas
  6 orc wizards
  7 worker ants
  A worker ant zombie (D:7)
  4 gnolls (D:8)
  11 adders
  2 shadow imps
  A worker ant simulacrum (D:10)
  3 adder skeletons
  An adder zombie (D:7)
  5 worms
  A dart slug (D:1)
  5 leopard geckos
  23 orcs
  4 ball pythons
  9 bats
  6 giant cockroaches
  7 hobgoblins
  6 jackals
  6 quokkas
  5 frilled lizards
  7 goblins
  6 kobolds
  13 rats
  A bush (D:7)
246 creatures vanquished.

Vanquished Creatures (collateral kills)
  An orc wizard (D:9)
  A centaur skeleton (D:9)
  An orc (D:9)
3 creatures vanquished.

Vanquished Creatures (others)
  A crimson imp (D:5)
  A worker ant (D:5)
2 creatures vanquished.

Grand Total: 251 creatures vanquished

Notes
Turn   | Place    | Note
-------+----------+-------------------------------------------
     0 | D:1      | resw the Minotaur Berserker began the quest for the Orb.
     0 | D:1      | Reached XP level 1. HP: 19/19 MP: 0/0
   113 | D:1      | Reached XP level 2. HP: 17/27 MP: 1/1
   320 | D:1      | Reached ** piety under Trog
   519 | D:1      | Reached XP level 3. HP: 32/33 MP: 2/2
  1019 | D:2      | Reached XP level 4. HP: 38/41 MP: 3/3
  1252 | D:2      | Reached skill level 5 in Maces & Flails
  1311 | D:3      | Reached *** piety under Trog
  1401 | D:3      | Found a shadowy altar of Dithmenos.
  1684 | D:3      | Reached XP level 5. HP: 7/47 MP: 4/4
  2010 | D:3      | Noticed an ice beast
  2015 | D:3      | Killed an ice beast
  2015 | D:3      | Reached XP level 6. HP: 50/53 MP: 5/5
  2175 | D:3      | Found a hazy altar of Hepliaklqana.
  2353 | D:4      | Found Gunes's Book Boutique.
  3068 | D:4      | Reached XP level 7. HP: 42/60 MP: 6/6
  3409 | D:4      | Noticed Blork the orc
  3421 | D:4      | Killed Blork the orc
  3421 | D:4      | Reached skill level 10 in Maces & Flails
  3509 | D:4      | Found a sacrificial altar of Ru.
  3554 | D:5      | Entered Level 5 of the Dungeon
  3722 | D:5      | Found Tenyc's Magic Scroll Emporium.
  3727 | D:5      | Bought a scroll of identify for 26 gold pieces
  3797 | D:5      | Reached **** piety under Trog
  3803 | D:5      | Reached XP level 8. HP: 48/67 MP: 7/7
  3814 | D:5      | Reached skill level 5 in Armour
  4207 | D:5      | Reached skill level 5 in Dodging
  4427 | D:5      | Noticed Pikel
  4443 | D:5      | Paralysed by Pikel for 6 turns
  4451 | D:5      | Killed Pikel
  4780 | D:6      | Found a radiant altar of Vehumet.
  4824 | D:6      | Reached XP level 9. HP: 51/72 MP: 8/8
  4835 | D:6      | Found a burning altar of Makhleb.
  4841 | D:6      | Found an iron altar of Okawaru.
  4851 | D:6      | Noticed an angel
  4851 | D:6      | Found a shimmering altar of Xom.
  4940 | D:6      | Noticed Grinder
  4944 | D:6      | Paralysed by Grinder for 7 turns
  4956 | D:6      | Killed Grinder
  5167 | D:6      | Found a staircase to the Ecumenical Temple.
  5289 | D:6      | Found a glowing silver altar of Zin.
  5789 | D:7      | Reached skill level 10 in Armour
  5981 | D:7      | Found a snail-covered altar of Cheibriados.
  6404 | D:7      | Found a blossoming altar of Fedhas.
  6477 | D:7      | Found a white marble altar of Elyvilon.
  6481 | D:7      | Noticed Duvessa
  6481 | D:7      | Noticed Dowan
  6501 | D:7      | Killed Dowan
  6503 | D:7      | Killed Duvessa
  6950 | D:8      | Reached ***** piety under Trog
  6981 | D:8      | Reached XP level 10. HP: 80/80 MP: 9/9
  7641 | D:9      | Received a gift from Trog
  7772 | D:9      | Found an opulent altar of Gozag.
  7825 | D:9      | Noticed Erolcha
  7841 | D:9      | Paralysed by Erolcha for 6 turns
  7856 | D:9      | Paralysed by Erolcha for 5 turns
  7864 | D:9      | Paralysed by Erolcha for 3 turns
  7871 | D:9      | Killed Erolcha
  8386 | D:10     | Entered Level 10 of the Dungeon
  8557 | D:10     | Found a staircase to the Lair.
  8573 | D:10     | Reached XP level 11. HP: 51/85 MP: 10/10
  8687 | D:10     | HP: 4/85 [something (7)]
  8694 | D:10     | HP: 3/85 [something (1)]
  8695 | D:10     | Slain by an unseen horror

Skill      XL: |  1  2  3  4  5  6  7  8  9 10 |
---------------+-------------------------------+-----
Maces & Flails | 4 6 7 8 10 12 | 12.2
Fighting       | 4 |  4.4
Armour         | 3 4 7 10 12 | 12.5
Dodging        | 3 6 8 9 |  9.6

Action                   |  1- 3 |  4- 6 |  7- 9 | 10-12 || total
-------------------------+-------+-------+-------+-------++-------
Melee: Mace              |    79 |   122 |   350 |   311 ||   862
       Headbutt          |    11 |    23 |    78 |    35 ||   147
Invok: Berserk           |     2 |     2 |     4 |     3 ||    11
       Burn Spellbooks   |       |       |       |     1 ||     1
       Brothers in Arms  |       |       |       |     1 ||     1
       Trog's Hand       |       |       |       |     1 ||     1
  Use: Scroll            |       |     3 |     8 |     2 ||    13
       Potion            |       |     2 |       |     2 ||     4
  Eat: Bread ration      |     1 |     1 |       |       ||     2
       Fruit             |       |     1 |     2 |     2 ||     5
       Meat ration       |       |       |     2 |     1 ||     3
       Royal jelly       |       |       |     3 |       ||     3
       Chunk             |       |       |       |     2 ||     2
Armor: Ring mail         |    16 |       |       |       ||    16
       Animal skin       |     1 |       |       |       ||     1
       Scale mail        |    29 |    44 |    41 |       ||   114
       Plate armour      |       |       |    32 |   217 ||   249
       Chain mail        |       |       |    14 |       ||    14
Dodge: Dodged            |    58 |    69 |   186 |   221 ||   534
       Deflected         |       |       |     3 |     4 ||     7
